 Dungeon Crawl Stone Soup version 0.31.0-11-ge490571c62 (webtiles) character file.

Game seed: 17466620129310959797

270 Abimelech the Ruffian (level 6, 0/57 HPs)
             Began as a Troll Gladiator on Feb 4, 2024.
             Slain by a gnoll
             ... wielding a +0 spear
             ... led by a gnoll bouda
              (7 damage)
             ... on level 4 of the Dungeon.
             The game lasted 00:05:16 (963 turns).

Abimelech the Ruffian (Troll Gladiator)              Turns: 963, Time: 00:05:17

Health: 0/57       AC:  4    Str: 23    XL:     6   Next: 1%
Magic:  1/5        EV: 10    Int:  6    God:
Gold:   143        SH:  0    Dex: 11    Spells: 5/5 levels left

rFire   . .          .
                       - Unarmed
rCold   . . .        (no shield)
rNeg    . . .        a - +0 robe
rPois   .            b - +0 hat
rElec   .            (no cloak)
rCorr   .            (gloves unavailable)
SInv    .            (boots unavailable)
Will    .....        (no amulet)
Stlth   +            (no ring)
HPRegen 1.09/turn    (no ring)
MPRegen 0.09/turn

%: no passive effects
@: weak-willed
A: large, unfitting armour, claws 3, regeneration 1, shaggy fur 1, tough skin 1
a: no special abilities


You were on level 4 of the Dungeon.
You visited 1 branch of the dungeon, and saw 4 of its levels.

You collected 143 gold pieces.

Inventory:

Hand Weapons
 f - the +4 sling of Tusatu {antimagic, Dex+4}
   (You found it on level 2 of the Dungeon)

   Dex+4:     It affects your dexterity (+4).
Missiles
 c - 3 throwing nets (quivered)
 d - a large rock
Armour
 a - a +0 robe (worn)
 b - a +0 hat (worn)
Scrolls
 g - a scroll of amnesia
Potions
 h - a potion of resistance
 i - a potion of magic
 j - a potion of degeneration


   Skills:
 * Level 2.0 Fighting
 * Level 1.4 Ranged Weapons
 * Level 2.3 Throwing
 * Level 1.1 Armour
 * Level 3.2 Dodging
 * Level 0.7 Stealth
 * Level 4.4 Unarmed Combat


You had 5 spell levels left.
You didn't know any spells.
Your spell library was empty.

Dungeon Overview and Level Annotations

Branches:
Dungeon (4/15)
 Temple: D:4-7

Altars:
Xom


Innate Abilities, Weirdness & Mutations

You are too large for most types of armour.
You have claws for hands.
Your natural rate of healing is unusually fast.
You are covered in fur. (AC +1)
You have tough skin. (AC +1)


Message History

The sling bullet hits the ribbon worm!
The ribbon worm is heavily wounded.
A black bear comes into view.
The gnoll misses you.
Fire: f) +4 sling of Tusatu {antimagic, Dex+4}
Press: ? - help, Q - select action, (/) - cycle Shift-Dir - straight line, f/p - gnoll
Aim: a gnoll, wielding a +0 spear (severely wounded, weak-willed, 65% to hit)
You shoot a sling bullet.
The sling bullet hits the gnoll but does no damage.
The gnoll is severely wounded.
Your butterfly disappears in a burst of colours! x2
The gnoll closely misses you.
The giant cockroach bites you but does no damage.
You feel magic returning to you.
You are now empty-clawed.
Your butterfly disappears in a burst of colours!
The gnoll hits you from afar with a +0 spear.
* * * LOW HITPOINT WARNING * * *
You claw the ribbon worm!
The ribbon worm is severely wounded.
The giant cockroach bites you but does no damage.
The ribbon worm expels a string of sticky webbing.
The stream of webbing hits you but does no damage.
You are caught in a web!
The gnoll barely misses you.
You struggle to detach yourself from the web.
Your butterfly disappears in a burst of colours!
The giant cockroach bites you but does no damage.
The ribbon worm bites you!
* * * LOW HITPOINT WARNING * * *
The gnoll completely misses you.
The giant cockroach bites you but does no damage.
The web tears apart.
The giant cockroach bites you.
* * * LOW HITPOINT WARNING * * *
The dart slug bites you.
* * * LOW HITPOINT WARNING * * *
The gnoll misses you. The ribbon worm barely misses you.
You claw the ribbon worm!
The ribbon worm is almost dead.
The giant cockroach closely misses you.
The gnoll hits you from afar with a +0 spear!
You die...

... .......... #..
#.....?...
####..###..b(....
#.....bwb..b...# # ##..#
#ggbb.b..# #.. ...
###b....b.b# #...#
#h###.).bbbb...##
#.....##.#.#))...b.....#
#...@wg.......#......
#..wBb.#########.....
#.........####.......
#..bb.b..............
.........b............
#............#####.....
#......b.....# ##....
.............# ....#
.....


You could see a black bear, a ribbon worm (catching breath, ally target), a
gnoll (weak-willed, ally target), a dart slug and a giant cockroach.

Vanquished Creatures
  2 scorpions (D:4)
  A bombardier beetle (D:3)
  A gnoll bouda (D:4)
  An iguana (D:2)
  2 gnolls (D:4)
  2 ribbon worms (D:3)
  5 orcs (D:4)
  5 endoplasms
  4 goblins
  8 jackals (D:1)
  A quokka (D:2)
  A ball python (D:3)
  4 bats
  A frilled lizard (D:1)
  2 kobolds (D:3)
40 creatures vanquished.

Notes
Turn   | Place    | Note
-------+----------+-------------------------------------------
     0 | D:1      | Abimelech the Troll Gladiator began the quest for the Orb.
     0 | D:1      | Reached XP level 1. HP: 19/19 MP: 0/0
   154 | D:1      | Reached XP level 2. HP: 27/27 MP: 1/1
   329 | D:2      | Identified the +4 sling of Tusatu {antimagic, Dex+4}
   377 | D:2      | HP: 1/27 [iguana (3)]
   380 | D:2      | Reached XP level 3. HP: 4/35 MP: 0/2
   551 | D:3      | Found a shimmering altar of Xom.
   722 | D:3      | Reached XP level 4. HP: 42/42 MP: 0/3
   831 | D:4      | Noticed a scorpion
   838 | D:4      | Killed a scorpion
   839 | D:4      | Reached skill level 4 in Unarmed Combat
   839 | D:4      | Reached XP level 5. HP: 49/49 MP: 1/4
   867 | D:4      | Reached skill level 1 in Ranged Weapons
   867 | D:4      | Reached skill level 1 in Armour
   952 | D:4      | Reached XP level 6. HP: 38/57 MP: 1/5
   963 | D:4      | Slain by a gnoll

Illustrated notes

Levels and vault maps discovered:
D:1:      matt_arrival_spirals, layout_loops_ring
D:2:      layout_basic, serial_rivers, chequers_serial_rivers_room_b,
          chequers_serial_rivers_room_a, chequers_serial_rivers_small_b,
          chequers_serial_rivers_micro_a, chequers_serial_rivers_micro_c,
          minmay_heptomino_l4
D:3:      layout_loops_ring, nicolae_overflow_crystal_walls
D:4:      layout_cave_pools, uniq_ijyb, uniq_menkaure, uniq_eustachio

Skill      XL: |  1  2  3  4  5 |
---------------+----------------+-----
Throwing       | 2 |  2.3
Dodging        | 3 |  3.2
Unarmed Combat | 4 |  4.4
Fighting       | 2 |  2.0
Ranged Weapons | 1 |  1.4
Armour         | 1 |  1.1
Stealth        | |  0.7

Action                     |  1- 3 |  4- 6 || total
---------------------------+-------+-------++-------
  Melee: Unarmed           |    60 |    32 ||    92
         Punch             |     1 |       ||     1
   Fire: Sling             |    14 |    25 ||    39
  Throw: Throwing net      |     3 |       ||     3
    Use: Scroll            |     2 |     8 ||    10
 Armour: Robe              |    44 |    46 ||    90
  Dodge: Dodged            |    29 |    37 ||    66
